[Event "XV American Continental 2022"]
[Site "San Salvador"]
[Date "2022.05.03"]
[Round "1.1"]
[White "Swiercz, Dariusz"]
[Black "Encinas Varela, David"]
[Result "1-0"]
[ECO "B51"]
[WhiteElo "2665"]
[BlackElo "1908"]
[Annotator "TA"]
[PlyCount "85"]
[EventDate "2022.05.02"]
[EventCountry "ESA"]
[SourceTitle "playchess.com"]
[Source "ChessBase"]
[SourceQuality "1"]
[TimeControl "40/5400+30:1800+30"]

1. e4 c5 2. Nf3 d6 3. Bb5+ Nd7 4. Ba4 Ngf6 5. O-O g6 6. Re1 {[%emt 0:00:45] B51: Sicilian: Moscow Variation (3 Bb5+) without 3...Bd7.} Bg7 7. c3 O-O 8. d4 {[%emt 0:00:04] White is slightly better.} e5 9. dxe5 Nxe5 {[%emt 0:03:59] [#]} 10. Bf4 $146 ({Predecessor:} 10. Nxe5 dxe5 11. Qe2 Nh5 12. Bb3 Kh8 13. Be3 b6 14. Na3 Bb7 15. Rad1 Qe7 16. Bd5 Bxd5 17. Rxd5 {1-0 (54) Eljanov,P (2683)-Salem,A (2690) Abu Dhabi 2021}) 10... Nh5 11. Bxe5 Bxe5 12. Nxe5 (12. Na3 {feels hotter.} Bg4 13. h3 Bxf3 14. Qxf3 a6 15. g3) 12... dxe5 13. Qxd8 Rxd8 14. Na3 Be6 15. Bb3 Nf4 16. Bxe6 Nxe6 17. Nc4 f6 18. a4 Rd3 19. Red1 Rad8 20. Rxd3 Rxd3 $11 {[%emt 0:00:08][%mdl 4096] Endgame KRN-KRN} 21. Kf1 b6 22. g3 Kf7 23. Ke2 Rd7 24. h4 Nc7 25. Ne3 Ke6 26. f4 exf4 27. gxf4 f5 (27... Ne8 $11) 28. e5 $1 $14 Nd5 29. Nxd5 Rxd5 {[%emt 0:00:11] KR-KR} 30. b3 Rd7 31. Rg1 Rg7 ({Black should try} 31... Kf7 $14) 32. h5 $1 $16 Kf7 33. Kf3 gxh5 $2 {[%emt 0:05:20][%mdl 8192] [#] Black cannot hold the game after this.} (33... Ke7 $16) 34. Rxg7+ $1 Kxg7 {[%emt 0:00:01] [#] KP-KP} 35. c4 $1 a6 36. Kg3 {[%emt 0:00:05] White mates.} Kf7 37. Kh4 Kg6 38. e6 Kf6 39. Kxh5 Kxe6 40. Kh6 Kd6 41. Kxh7 Kc6 42. Kg6 b5 43. a5 {[%emt 0:00:43] Weighted Error Value: White=0.03 (flawless) /Black=0.49} 1-0

[Event "XV American Continental 2022"]
[Site "San Salvador"]
[Date "2022.05.03"]
[Round "1.2"]
[White "Holliman, Bob"]
[Black "Pichot, Alan"]
[Result "0-1"]
[ECO "A48"]
[WhiteElo "1908"]
[BlackElo "2652"]
[Annotator "TA"]
[PlyCount "66"]
[EventDate "2022.05.02"]
[EventCountry "ESA"]
[SourceTitle "playchess.com"]
[Source "ChessBase"]
[SourceQuality "1"]
[TimeControl "40/5400+30:1800+30"]

1. d4 Nf6 2. Nf3 g6 3. Bg5 Bg7 4. Nbd2 O-O 5. e3 d6 6. h3 b6 7. Bc4 Bb7 8. O-O Nbd7 {[%emt 0:00:48] A48: 1 d4 Nf6 2 Nf3 g6: Torre, London and Colle Systems.} 9. Qe2 a6 {[%emt 0:01:08] [#]} 10. Bb3 $146 ({Predecessor:} 10. a4 c5 11. c3 Qc7 12. Bd3 Rfe8 13. e4 h6 14. Be3 e5 15. d5 Nh7 16. b4 {1-0 (46) Deviatkin,A (2508)-Pichot,A (2550) Chess.com INT 2016}) 10... c5 {[%emt 0:01:34] The position is equal.} 11. c3 b5 12. e4 h6 13. Bh4 e5 14. dxe5 dxe5 15. Rfd1 Qc7 16. Ne1 c4 17. Bc2 Nh5 18. Nf1 Nc5 19. Rd2 Nf4 20. Qe3 h5 {[%emt 0:02:38] 0x0.00272dd1d841dp-1022s more active pieces. The white rooks are badly placed.} 21. Bg5 {[%emt 0:07:58] Against Bh6} (21. f3 $17) 21... Nce6 (21... Kh7 $19 22. Rdd1 Nfe6) 22. Bxf4 (22. Bh4 $17) 22... exf4 $19 23. Qe2 b4 24. Rad1 bxc3 25. Rd7 Qc8 26. bxc3 Bc6 27. R7d6 Be5 {[%emt 0:00:24] A strong pair of Bishops.} ({Worse is} 27... Bxc3 28. Qxc4 Bb5 29. Qxc8 Raxc8 30. Bb3 $15) 28. Qxc4 (28. R6d4 $17 {was worth a try.}) 28... Bxd6 29. Rxd6 Bb5 30. Qd5 {[%emt 0:00:03] [#]} (30. Qb3) 30... Qxc3 31. Rxe6 fxe6 {[%emt 0:00:27] Black is clearly winning.} 32. Qxe6+ Kg7 33. e5 Qc6 {[%emt 0:00:12] Weighted Error Value: White=0.33/Black=0.13 (very precise)} 0-1

[Event "XV American Continental 2022"]
[Site "San Salvador"]
[Date "2022.05.03"]
[Round "2.1"]
[White "Chavez, Ricardo Ernesto"]
[Black "Swiercz, Dariusz"]
[Result "0-1"]
[ECO "B33"]
[WhiteElo "2184"]
[BlackElo "2665"]
[Annotator "TA"]
[PlyCount "170"]
[EventDate "2022.05.02"]
[EventCountry "ESA"]
[SourceTitle "playchess.com"]
[Source "ChessBase"]
[SourceQuality "1"]
[TimeControl "40/5400+30:1800+30"]

1. e4 c5 2. Nf3 Nc6 3. d4 cxd4 4. Nxd4 e5 5. Nb5 d6 6. a4 Be6 7. N1c3 a6 8. Na3 Nf6 9. Bc4 Rc8 10. Bg5 Be7 11. Bxf6 Bxf6 12. Nd5 Bg5 13. O-O O-O 14. c3 Kh8 15. Qd3 {[%emt 0:04:37] B33: Sicilian: Pelikan and Sveshnikov Variations.} f5 16. Ne3 {[%emt 0:01:45] Pair of Knights!} fxe4 17. Qxe4 {[%emt 0:00:17] The position is equal.} Rf4 18. Qd3 e4 19. Qd1 (19. Qd2 $5 d5 20. Bxd5 $11) 19... Rf6 (19... Rxf2 $11 {keeps the balance.} 20. Bxe6 (20. Rxf2 Bxe3 21. Bxe6 Bxf2+ 22. Kh1 Rb8 $15) 20... Bxe3) 20. Bxe6 $16 Rxe6 {[%emt 0:00:05] [#]} 21. Nac4 $146 (21. Qg4 $1 $16 Qf6 22. Rad1) ({Predecessor:} 21. Qb3 Qe8 22. Nac2 Bf4 23. g3 Ne5 24. Nd4 Rh6 25. Nef5 Qh5 26. Nxh6 Bxh6 27. Qxb7 {1-0 (40) Schabanel,S (2230)-Bonneville,J France 1993}) 21... Bxe3 $11 22. Nxe3 Qh4 23. Qg4 (23. Qd5 {seems wilder.} Rh6 24. h3 Rg6 25. Qf5) 23... Qxg4 24. Nxg4 h5 25. Ne3 Ne5 26. Rad1 Nd3 27. Rd2 Rf8 28. Rfd1 Rg6 29. Nd5 Rg5 30. Ne3 Kh7 31. h4 Rg6 32. g3 Rf3 33. Kg2 {[%emt 0:02:22][%mdl 8192] [#]} (33. Ng2 $11 {and White has nothing to worry.}) 33... Nxf2 $1 $19 34. Rxf2 Rfxg3+ 35. Kh2 {[%emt 0:03:53] Strongly threatening Re1.} Rxe3 $17 {[%emt 0:00:03][%mdl 4096] Endgame KRR-KRR} 36. Rd5 Rh6 ({Better is} 36... Rg4 $19 37. Rxh5+ Kg6) 37. Rg2 Rf3 38. Re2 (38. Rdg5 $17 Rf7 39. Re2) 38... e3 39. Kg2 Rf4 40. Rxe3 Rxh4 41. Re7 Rxa4 42. Rxb7 Re4 43. Kh3 (43. c4 $17) 43... Re3+ 44. Kh4 Re4+ 45. Kh3 Re5 46. Rd4 (46. Rxe5 $142 dxe5 47. Re7) 46... Rg6 47. c4 (47. Rd2 {is a better defense.}) 47... a5 $19 48. Rb6 $2 (48. Rd3 {was called for.}) 48... a4 49. Rb5 Rgg5 50. Rb6 (50. Rb4 $142 Re3+ 51. Kh2) 50... Rg6 51. Rb5 $1 Rgg5 (51... Rge6 52. Rxe5 dxe5) 52. Rb6 Re3+ 53. Kh2 Re2+ 54. Kh3 Re3+ 55. Kh2 $1 Re2+ $2 (55... Rf3 56. Rb4 Rf2+ 57. Kh3 Rgf5) 56. Kh3 Reg2 {[%emt 0:00:17] ( -> ...R5g3+)} 57. Rd3 {[%emt 0:00:32] Inhibits R5g3+.} Rg1 58. Kh2 {[%emt 0:00:58] Against Rh1+} R1g4 59. Rbxd6 Rxc4 60. Ra6 Rh4+ 61. Rh3 Rxh3+ 62. Kxh3 {[%emt 0:00:05] KR-KR} Rg4 (62... Rb5 $142 63. Kh4 g6 64. Rxa4 Rxb2) 63. b3 axb3 64. Rb6 Ra4 65. Rxb3 Kh6 (65... Ra6 $142 66. Rb5 Kh6 67. Rb8 Ra3+ 68. Kg2 h4 69. Rh8+ Kg5 70. Rh7 g6 71. Kh2 Kg4 72. Rd7 Rh3+ 73. Kg2 Rf3 74. Kh2 g5 75. Rd4+ Rf4 76. Rd3 Rf2+ 77. Kg1 Rf3 78. Rd5 h3 79. Kh2 Kh4 80. Rb5 Rf4 81. Rb7 Rf2+ 82. Kh1 Kg3 83. Rb3+ Rf3 84. Rb1 Ra3 85. Kg1 g4 86. Rd1 Ra4 87. Rb1 Kh4 88. Rb7 Ra1+ 89. Kf2 g3+ 90. Kf3 Rf1+ 91. Ke4 g2 92. Rh7+ Kg3 93. Rg7+ Kf2 94. Rf7+ Ke1 95. Re7 g1=Q 96. Re6 h2 97. Re5 h1=Q+ 98. Kd3+ Kd1 99. Re4 Qf3+ 100. Re3 Qgxe3+ 101. Kc4 Qc3+ 102. Kb5 Qfc6#) 66. Rc3 g6 {[%emt 0:00:08] Black mates.} 67. Rb3 Ra6 68. Rc3 Rd6 69. Ra3 Rd5 70. Rb3 Rd4 71. Ra3 Re4 72. Rb3 h4 73. Ra3 Kh5 74. Rb3 g5 75. Ra3 g4+ 76. Kg2 Re2+ 77. Kg1 h3 78. Rb3 Kh4 79. Rb4 Kg3 80. Rb1 Kf4 81. Ra1 g3 82. Rb1 Rd2 83. Ra1 Ke3 84. Re1+ Kd3 85. Kh1 Kc2 {[%emt 0:00:30] Weighted Error Value: White=0.30/Black=0.51} 0-1

[Event "XV American Continental 2022"]
[Site "San Salvador"]
[Date "2022.05.03"]
[Round "2.2"]
[White "Pichot, Alan"]
[Black "Lorenzana, Wilson Estuardo"]
[Result "1/2-1/2"]
[ECO "B41"]
[WhiteElo "2652"]
[BlackElo "2170"]
[Annotator "TA"]
[PlyCount "69"]
[EventDate "2022.05.02"]
[EventCountry "ESA"]
[SourceTitle "playchess.com"]
[Source "ChessBase"]
[SourceQuality "1"]
[TimeControl "40/5400+30:1800+30"]

1. e4 c5 2. Nf3 e6 3. d4 cxd4 4. Nxd4 a6 5. c4 Nf6 6. Nc3 Qc7 7. Be2 Bb4 8. Nc2 Bxc3+ {[%emt 0:00:39] B41: Sicilian: Kan Variation: 5 c4.} 9. bxc3 d6 10. f3 O-O {[%emt 0:02:50][%cal Od6d5] White is slightly better.} 11. Bf4 {[%emt 0:10:30] [#]} (11. O-O {is more complex.} Rd8 12. Bf4 Ne8 13. Bg5) 11... Rd8 $146 ({Predecessor:} 11... e5 12. Bg5 Nbd7 13. O-O h6 14. Bh4 g5 15. Bf2 Nb6 16. Rb1 Na4 17. Qd2 Be6 {1-0 (60) Pichot,A (2606)-Keymer,V (2527) Chess.com INT 2020}) 12. Qd2 Nc6 13. Rd1 e5 14. Bg5 Qe7 $1 15. O-O Be6 {[%emt 0:07:33] [#]} (15... h6 $14 16. Be3 Qc7) 16. f4 $1 $16 Na5 (16... Nxe4 $2 17. Bxe7 Nxd2 18. Bxd8 Nxf1 19. Bb6 $18) 17. f5 ({Better is} 17. Ne3 $16 {f5 is the strong threat.} Rac8 18. Bxf6 Qxf6 19. Nd5 Bxd5 20. Qxd5) 17... Bxc4 $11 {[%emt 0:00:22] And now ...d5 would win.} 18. Ne3 d5 $1 19. exd5 (19. Bxf6 $11 {keeps the balance.} Qxf6 20. exd5 (20. Nxd5 Bxd5 21. exd5 b5 $15)) 19... Qc5 $17 20. Bxf6 Rxd5 ({But not} 20... gxf6 21. Kh1 $14) 21. Qc1 Rxd1 ({Much weaker is} 21... gxf6 22. Rxd5 Bxd5 23. Kh1 $11) 22. Rxd1 {[%emt 0:00:46][%cal Of6e5] aiming for Bxe5!} gxf6 23. Bh5 Kh8 ({Black should play} 23... Bxa2 $17 {Threatens to win with ...Nb3.} 24. Rd7 Kh8) 24. Kh1 $11 Rg8 25. Nxc4 Qxc4 26. Bf3 (26. Qh6 $1 $11 Qc6 27. Bf3) 26... Qc7 (26... Qxa2 27. Qh6 Nc6 28. Qxf6+ Rg7 29. Bxc6 Qa5 30. Rd8+) ({Of course not} 26... e4 $6 27. Rd4 Qxa2 28. Qh6 Qb1+ 29. Rd1 $11) 27. Qh6 Qe7 $36 {[%emt 0:01:53][%mdl 2048] Black has the initiative.} 28. Qh4 b5 29. Qb4 Qxb4 30. cxb4 $15 {[%emt 0:00:01] KRB-KRN} Nc4 31. Rd7 {[%emt 0:00:14] [#]} (31. Kg1 $17 {might work better.}) 31... e4 $1 $19 32. Bxe4 Re8 33. Rd4 {[%emt 0:00:07] [#]} Nd2 $1 34. Rxd2 Rxe4 35. h3 {[%emt 0:00:49] Weighted Error Value: White=0.24 (precise) /Black=0.11 (very precise)} 1/2-1/2

[Event "XV American Continental 2022"]
[Site "San Salvador"]
[Date "2022.05.04"]
[Round "3.1"]
[White "Swiercz, Dariusz"]
[Black "Diaz Villagran, Robert"]
[Result "1-0"]
[ECO "C05"]
[WhiteElo "2665"]
[BlackElo "2347"]
[Annotator "TA"]
[PlyCount "89"]
[EventDate "2022.05.02"]
[EventCountry "ESA"]
[SourceTitle "playchess.com"]
[Source "ChessBase"]
[SourceQuality "1"]
[TimeControl "40/5400+30:1800+30"]

1. e4 e6 2. d4 d5 3. Nd2 Nf6 4. e5 Nfd7 5. c3 c5 6. f4 cxd4 7. cxd4 Nc6 8. Ndf3 Nb6 {[%emt 0:05:39] Recently 8...a5 got a lot of attention.} 9. Bd3 Bd7 10. a3 {[%emt 0:29:03] C05: French Tarrasch: 3...Nf6 4 e5 Nfd7, 5 f4 and 5 Bd3 sidelines.} a5 11. b3 a4 12. b4 {[%emt 0:00:18] The position is equal.} Na7 (12... Ne7 $11) 13. Ne2 $14 {[%emt 0:10:00] [#]} g6 $146 ({Predecessor:} 13... Rc8 14. g4 h5 15. gxh5 Rxh5 16. Ng3 Rh8 17. f5 Nc4 18. fxe6 Bxe6 19. Bf5 Bxf5 20. Nxf5 {1-0 (48) Salov,S (2267)-Huelsmann,J (2196) Magdeburg 2015}) 14. Nc3 Bc6 15. Rb1 Be7 16. O-O Bd7 17. Rf2 Rc8 18. Bb2 Kf8 19. Nd2 h5 20. Qe2 Kg7 21. Rff1 Rc7 22. g3 Qb8 23. Rbc1 Rcc8 24. h3 Rcg8 25. Kh2 Qe8 26. Kg2 Bc6 27. Kf2 Bd8 28. Kg1 (28. Ke1 {is interesting.} Nac8 29. Kd1 Bd7 30. Kc2) 28... Bd7 29. Rfe1 Nbc8 30. Nf3 b5 31. Rc2 Nb6 32. Bc1 Bc6 33. Qf1 Qd7 {[%emt 0:01:01] [#]} (33... Kf8 $11 {remains equal.}) 34. Ree2 {[%emt 0:00:28] White is much more active.} ({Better is} 34. g4 $1 $16) 34... Qb7 $2 {[%emt 0:02:47] A mistake that costs the game.} (34... Nc4 $11 {and Black stays safe.}) 35. g4 $18 {[%emt 0:00:26] And now f5 would win.} hxg4 (35... Kf8 $142) 36. hxg4 Nc4 37. Rh2 {[%emt 0:00:12] Black must now prevent f5.} Kf8 (37... Bd7 {was necessary.} 38. f5 exf5) 38. Rh3 Bb6 $2 (38... f6 39. Rch2 Rxh3 40. Qxh3 f5) 39. Rch2 Rxh3 40. Qxh3 {[%emt 0:01:24] Threatens to win with Qh7.} Qe7 41. Qh7 {[%emt 0:02:15][%cal Of4f5] Strongly threatening f5!} Bd7 $2 (41... Qe8 42. Ne2 Ke7) 42. f5 {[%emt 0:01:32][%cal Bf4f5,Bf5f6][%mdl 32] White threatens Bh6+ and mate.} g5 43. f6 Qd8 44. Qh6+ (44. Nxg5 $142 Bxd4+ 45. Kh1 Qxf6 46. exf6 Nd6 {[#]} 47. Qg7+ $3 Rxg7 48. Rh8+ Rg8 49. Nh7+ Ke8 50. Rxg8#) 44... Ke8 {[%emt 0:00:08] [#]} 45. Qg7 $3 {[%emt 0:00:15][%mdl 512] Weighted Error Value: White=0.14 (very precise) /Black=0.45} 1-0

[Event "XV American Continental 2022"]
[Site "San Salvador"]
[Date "2022.05.04"]
[Round "3.2"]
[White "Mekhitarian, Krikor Sevag"]
[Black "Sarkar, Justin"]
[Result "0-1"]
[ECO "E04"]
[WhiteElo "2569"]
[BlackElo "2325"]
[Annotator "TA"]
[PlyCount "92"]
[EventDate "2022.05.02"]
[EventCountry "ESA"]
[SourceTitle "playchess.com"]
[Source "ChessBase"]
[SourceQuality "1"]
[TimeControl "40/5400+30:1800+30"]

1. Nf3 d5 2. d4 Nf6 3. c4 e6 4. g3 dxc4 5. Bg2 a6 6. O-O Nc6 7. e3 Bd7 8. Qe2 {[%emt 0:02:46] E04: Open Catalan: 5 Nf3.} Bd6 $1 {[%emt 0:02:52][%mdl 4] outshines the older 8...b5.} 9. Qxc4 O-O 10. Rd1 {[%emt 0:11:14] White is slightly better.} Rb8 11. Qe2 e5 12. dxe5 Nxe5 13. Nxe5 Bxe5 14. e4 Qe7 15. Nc3 {[%emt 0:20:24] [#]} h6 $146 ({Predecessor:} 15... Bg4 16. f3 Be6 17. Be3 Rfe8 18. Rac1 b5 19. Qf2 Bd6 20. b3 Ba3 21. Rc2 Rbd8 {½-½ (41) Edel,T (2095)-Gentemann,M (2195) Germany 2019}) 16. Be3 c5 (16... Rbd8 $11) 17. Rac1 Rbc8 18. b3 Bc6 19. Na4 Bb5 20. Qc2 {[%emt 0:00:12] Threatens to win with Nb6.} Bxa4 21. bxa4 c4 22. Rb1 (22. Qe2 $16) 22... Rfd8 23. Rxd8+ Qxd8 24. Bh3 ({Better is} 24. h3 $14) 24... Rc6 $1 $11 (24... Rc7 25. Bb6 $16) 25. Rxb7 Qd3 (25... h5 $11 {remains equal.}) 26. Qxd3 $16 cxd3 27. Rb1 ({White should try} 27. Rb3 $16) 27... Nxe4 $14 28. Rd1 d2 {[%emt 0:04:43] Strongly threatening ...Bb2.} 29. f3 $2 {[%emt 0:00:57] [#]} (29. Bf5 $14 {stays ahead.} Rc4 30. Bxd2) 29... Bd4 $1 $19 30. fxe4 {[%emt 0:00:30] [#]} ({Not} 30. Bxd4 $2 Rc1 $1 31. fxe4 Rxd1+ 32. Kf2 Rf1+ $3 33. Bxf1 d1=Q $19) 30... Rc1 $1 31. Bg4 ({Don't go for} 31. Bxd4 $2 Rxd1+ 32. Kf2 {[#]} Rf1+ $3 33. Bxf1 d1=Q $19) 31... Bxe3+ $17 {[%emt 0:00:06][%mdl 4096] Endgame KRB-KRB} 32. Kf1 Rc4 33. Ke2 Rxe4 {[%emt 0:00:31] Hoping for ...Bg5+.} 34. Bf3 Re5 {[%emt 0:00:42] Black is more active.} 35. Kd3 h5 36. Bxh5 Rxh5 $19 37. Kxe3 Rxh2 $17 {[%emt 0:00:10] ...f5 is the strong threat. KR-KR} 38. g4 (38. Rxd2 Rxd2 39. Kxd2 Kh7 $19) (38. Kf4 $17 {was necessary.}) 38... Rh3+ $19 39. Ke4 $2 (39. Kxd2 Ra3 40. a5) 39... Rg3 40. Kf4 Rd3 41. Ke4 Rd7 42. a5 Kh7 43. Kf5 Rd4 44. Rh1+ Kg8 45. Rd1 g6+ (45... f6 $142 46. Ke6 Kf8) 46. Kf6 Kf8 {[%emt 0:00:00] Weighted Error Value: White=0.52/Black=0.30} (46... Rd5 $142 47. Ke7 g5) 0-1

[Event "XV American Continental 2022"]
[Site "San Salvador"]
[Date "2022.05.05"]
[Round "4.1"]
[White "Valdes Romero, Leonardo"]
[Black "Swiercz, Dariusz"]
[Result "0-1"]
[ECO "A37"]
[WhiteElo "2403"]
[BlackElo "2665"]
[Annotator "TA"]
[PlyCount "78"]
[EventDate "2022.05.02"]
[EventCountry "ESA"]
[SourceTitle "playchess.com"]
[Source "ChessBase"]
[SourceQuality "1"]
[TimeControl "40/5400+30:1800+30"]

1. Nf3 c5 2. c4 g6 3. Nc3 Bg7 4. g3 Nc6 5. Bg2 d6 6. a3 Nf6 {[%emt 0:00:22] 6...e6 is the modern continuation. A37: Symmetrical English vs ...g6: 4 Bg2 Bg7 5 Nf3.} 7. Rb1 O-O 8. d3 Rb8 $5 {[%emt 0:28:19][%mdl 4] The position is equal. A promising side line.} 9. b4 b6 10. b5 Nd4 {[%emt 0:21:26] [#]} 11. Nxd4 $146 ({Predecessor:} 11. e4 Bg4 12. h3 Bxf3 13. Bxf3 Ne8 14. Bg2 Nc7 15. Bb2 e6 16. Ne2 Nxe2 17. Qxe2 Bxb2 18. Qxb2 e5 19. O-O Ne6 20. f4 f6 21. f5 Nd4 22. a4 Kg7 {½-½ (22) Barragan Arriaza,P (2030)-Lopez de Turiso,J (2022) Madrid 2018}) 11... cxd4 12. Nd5 Bb7 13. O-O Nxd5 14. cxd5 Qd7 15. Rb4 e5 16. dxe6 fxe6 17. Qb3 Bxg2 18. Kxg2 d5 19. Bd2 Rbc8 20. Qb1 e5 21. Rb2 e4 22. a4 ({Reject} 22. dxe4 dxe4 23. Rc2 Rcd8 $15) 22... e3 23. Be1 exf2 24. Rxf2 Bh6 {[%emt 0:00:52] [#] ...Rc1 is the strong threat.} 25. Rc2 {[%emt 0:01:01] Prevents Rc1.} Rce8 26. Qd1 Rxf2+ 27. Bxf2 Be3 28. Qg1 Qe6 {[%emt 0:00:58] aiming for ...Rf8.} 29. Rc6 Qg4 {[%emt 0:00:07] Hoping for ...Bxf2.} 30. Qe1 (30. Rc2 $11) 30... Bxf2 (30... Rf8 $1 $15 {is more appropriate.} 31. Bg1 Qd7) 31. Kxf2 $15 {[%emt 0:00:05][%mdl 4096] Endgame KQR-KQR} Qh5 32. h4 g5 33. Kf1 $2 (33. hxg5 $11 Qxg5 34. Kg1) 33... gxh4 34. gxh4 Rf8+ ({Stronger than} 34... Qg4 35. Qf2 $11) 35. Kg2 Kh8 {[%emt 0:00:01] And now ...Qg4+ would win.} 36. Kh3 {[%emt 0:00:44] [#] Against Qg4+} Qf5+ $1 ({Weaker is} 36... Rg8 37. Qf2 Qg4+ 38. Kh2 $11) 37. Kh2 Rg8 {[%emt 0:00:42] ( -> ...Qf4+)} 38. Rc2 Qf4+ 39. Kh3 Qg4+ {[%emt 0:00:03] Weighted Error Value: White=0.66/Black=0.05 (flawless)} 0-1

[Event "XV American Continental 2022"]
[Site "San Salvador"]
[Date "2022.05.05"]
[Round "4.2"]
[White "Gareyev, Timur"]
[Black "Diaz Rosas, Julio Cesar"]
[Result "1-0"]
[ECO "E62"]
[WhiteElo "2565"]
[BlackElo "2351"]
[Annotator "TA"]
[PlyCount "65"]
[EventDate "2022.05.02"]
[EventCountry "ESA"]
[SourceTitle "playchess.com"]
[Source "ChessBase"]
[SourceQuality "1"]
[TimeControl "40/5400+30:1800+30"]

1. Nf3 Nf6 2. g3 g6 3. Bg2 Bg7 4. c4 O-O 5. O-O c6 6. d4 d6 7. Nc3 Bf5 8. Ng5 {[%emt 0:01:10] E62: King's Indian: Fianchetto: 6...c6 and Panno Variation (6...Nc6) without ...a6.} e5 {[%emt 0:02:46] The main line 8...e5 scores better than 8...h6.} 9. d5 cxd5 10. Nxd5 {[%emt 0:00:18] White is slightly better.} Nc6 11. Nxf6+ Bxf6 12. Ne4 Be7 13. Bh6 Re8 14. Qd2 {[%emt 0:01:03] White is more active.} Be6 15. b3 Nd4 {[%emt 0:03:58] [#]} 16. Nc3 $146 {[%emt 0:01:12] Inhibits d5.} ({Predecessor:} 16. Be3 Nf5 17. Rfd1 Nxe3 18. Qxe3 Qc7 19. Nc3 a6 20. Nd5 Bxd5 21. Bxd5 Kg7 22. Qf3 {1-0 (63) Grischuk,A (2778)-Rakhmanov,A (2653) Moscow 2021}) 16... Qd7 17. Rfd1 Rad8 18. Be3 Nc6 19. Rac1 f6 20. Nd5 Kf7 (20... Kh8 $16 21. Rc3 Rc8) 21. b4 {[%emt 0:00:58] b5 is the strong threat.} b6 22. Rc3 ({White should try} 22. a4 $18) 22... Bf8 23. Bh6 (23. a4 $16) 23... Bg7 24. Rd3 Nd4 ({Black should play} 24... Qc8 $14) 25. Be3 $16 Nf5 {[%emt 0:06:25] [#]} 26. c5 $1 bxc5 27. bxc5 Qc8 (27... dxc5 28. Bxc5 (28. Nxf6 Bxf6 29. Rxd7+ Rxd7 $16) 28... Qb5) 28. c6 $18 Ne7 (28... Qxc6 $142 29. Nxf6 Qa6) 29. Rc1 {White is clearly winning.} Nxd5 30. Bxd5 Qa6 (30... Bxd5 $142 31. Rxd5 Re7) 31. Bxe6+ Kxe6 32. Rd5 Bf8 33. Ra5 {Weighted Error Value: White=0.07 (flawless) /Black=0.35} 1-0

[Event "XV American Continental 2022"]
[Site "San Salvador"]
[Date "2022.05.04"]
[Round "4.3"]
[White "Sarkar, Justin"]
[Black "Yoo, Christopher Woojin"]
[Result "0-1"]
[ECO "E10"]
[WhiteElo "2325"]
[BlackElo "2535"]
[Annotator "TA"]
[PlyCount "136"]
[EventDate "2022.05.02"]
[EventCountry "ESA"]
[SourceTitle "playchess.com"]
[Source "ChessBase"]
[SourceQuality "1"]
[TimeControl "40/5400+30:1800+30"]

1. d4 Nf6 2. c4 e6 3. Nf3 d5 4. g3 Bb4+ 5. Bd2 Be7 6. Bg2 O-O 7. O-O Nbd7 8. Qc2 c6 9. Bf4 b6 10. Nbd2 Ba6 11. Rfc1 {[%emt 0:06:38] E11: Bogo-Indian.} Nh5 12. cxd5 Nxf4 13. gxf4 {[%emt 0:00:08] The position is equal.} cxd5 14. e3 {[%emt 0:00:14] [#]} b5 $146 ({Predecessor:} 14... Bd6 15. Ne5 Rc8 16. Qa4 Nb8 17. Bf1 Bxf1 18. Kxf1 Qe7 19. Ndf3 h6 20. Rc2 Qb7 {1-0 (40) Aronian,L (2783)-Pelletier,Y (2589) Mainz 2010}) 15. Nb3 Rc8 16. Qd1 Qb6 17. Ne5 Nxe5 18. fxe5 b4 19. Rxc8 Rxc8 20. Rc1 Bc4 21. Nd2 Qa6 22. Bf1 Bxf1 (22... Qxa2 $2 23. b3 $18) 23. Rxc8+ Qxc8 24. Nxf1 Qa6 25. Qb1 h5 26. Kg2 $1 g6 27. b3 Qe2 28. Ng3 Qd2 29. Nf1 $1 Qc3 30. Qd1 Qb2 31. Qd2 Qb1 32. h3 Qe4+ 33. Kg1 Qb1 34. Kg2 a5 35. Qe2 Kg7 36. Nh2 Qe4+ 37. f3 Qf5 38. f4 Qe4+ 39. Nf3 g5 40. fxg5 Bxg5 41. Kf2 Bh6 42. Nd2 Qh1 {[%emt 0:05:51] aiming for ...Qh2+.} 43. Qf3 $1 Qh2+ 44. Ke1 Bg5 {[%emt 0:02:48] Against Qf6+} 45. Kd1 Kg6 46. Kc2 Qg1 47. Nf1 f6 48. exf6 Bxf6 49. Kd3 Qg5 50. Ke2 Kh6 51. Ng3 Qg6 52. Kf2 Bg5 53. Qf8+ Kh7 {[%emt 0:00:00][%cal Og5e3] And now ...Bxe3+! would win.} 54. Ne2 Bf6 55. Nf4 $2 (55. Ke1 $11) 55... Bh4+ $19 56. Kf1 Qb1+ 57. Kg2 Qxa2+ 58. Kh1 Qb1+ 59. Kh2 Qc2+ 60. Kh1 Qd1+ 61. Kh2 {[%emt 0:00:00] [#]} Qd2+ $1 62. Ng2 Qf2 63. Qd6 a4 64. Qd7+ Kh8 {[%emt 0:00:00] ( -> ...Bg3+)} 65. Kh1 axb3 66. Qxe6 Bg5 $2 (66... Qf3 $19 67. Qh6+ Kg8 68. Qg6+ Kf8 69. Qd6+ Kf7) 67. Qxd5 $2 {[%emt 0:00:35][%mdl 8192] [#]} (67. Qe5+ $11 Qf6 68. Qb8+ Kg7 69. Qxb4) 67... b2 $1 68. Qxg5 (68. Qe5+ Qf6) 68... b1=Q+ {[%emt 0:00:05] Weighted Error Value: White=0.16 (very precise) /Black=0.09 (flawless)} 0-1